Map: [ESL] Hard Lead

Players

Ukko - Winner!

  • Race: Zerg Zerg
  • Spawn Location: 5:00

MCanning

  • Race: Protoss Protoss
  • Spawn Location: 11:00

Event: ESL SC2 Masters 2023 Winter (Regional)

VOD

Have the link to the VOD?

Description

Time

  • Played on: Nov. 2, 2023, 3:09 p.m.
  • Length: 19:13

All games in this series

Show
View Real Time Build Order
Export as new Build Order

Ukko Zerg - Winner!

Build Orders: Hatch First, Brood Lord Corruptor 

Get SALT Encoding   

  12  0:00  Drone  
  13  0:13  Overlord  
  13  0:17  Drone  
  14  0:31  Drone x2  
  16  0:47  Hatchery  
  15  0:51  Drone  
  15  0:54  Drone  
  17  0:58  Drone  
  18  1:08  Extractor  
  17  1:13  Spawning Pool  
  17  1:15  Drone  
  17  1:20  Drone  
  18  1:28  Drone  
  19  1:39  Drone  
  20  1:52  Overlord  
  20  1:59  Queen x2  
  24  2:02  Zergling x2  
  24  2:03  Drone  
  26  2:10  Drone  
  26  2:11  Drone  
  26  2:12  Metabolic Boost  
  28  2:21  Drone  
  28  2:22  Drone  
  30  2:32  Drone  
  30  2:33  Drone  
  30  2:35  Queen  
  34  2:46  Hatchery  
  34  2:48  Zergling x2  
  33  2:55  Zergling x2  
  33  2:58  Drone x2  
  36  3:05  Overlord  
  36  3:06  Overlord  
  35  3:20  Overlord  
  35  3:24  Drone x3, Queen x2  
  42  3:27  Drone  
  43  3:34  Overlord  
  43  3:42  Drone x4  
  43  3:44  Spore Crawler  
  46  3:50  Drone x4  
  46  3:52  Overlord  
  50  3:58  Queen  
  50  3:59  Queen  
  54  4:05  Queen  
  54  4:08  Drone  
  54  4:09  Drone  
  58  4:13  Zergling x8  
  58  4:14  Zergling x2  
  63  4:23  Spore Crawler  
  63  4:24  Zergling x8  
  63  4:30  Zergling x8  
  70  4:41  Drone x4  
  70  4:42  Overlord x2  
  73  4:48  Lair  
  73  4:49  Overlord  
  73  5:05  Drone x9  
  78  5:11  Drone x4  
  82  5:19  Drone x2, Spore Crawler  
  82  5:20  Drone x6  
  89  5:27  Roach Warren  
  88  5:28  Evolution Chamber  
  88  5:32  Hatchery  
  86  5:36  Drone x3  
  86  5:39  Extractor  
  86  5:40  Extractor x2  
  90  5:42  Drone x4  
  90  5:49  Overlord x2  
  89  5:52  Overlord  
  89  5:54  Zerg Melee Weapons Level 1  
  89  5:59  Baneling Nest  
  89  6:01  Drone, Overlord x3  
  89  6:05  Extractor  
  89  6:09  Extractor  
  89  6:11  Overlord  
  87  6:12  Drone x8  
  95  6:20  Drone x7  
  95  6:21  Glial Reconstitution  
  101  6:33  Drone x3  
  101  6:39  Infestation Pit, Evolution Chamber  
  102  6:41  Drone x5  
  107  6:51  Drone x8  
  115  6:57  Extractor  
  115  6:58  Extractor, Spore Crawler  
  111  7:03  Roach x7  
  111  7:07  Zerg Missile Weapons Level 1  
  124  7:10  Overlord  
  124  7:11  Overlord  
  124  7:13  Centrifugal Hooks  
  124  7:14  Roach x2  
  124  7:15  Hatchery  
  127  7:17  Hive  
  135  7:23  Roach x5  
  137  7:30  Roach x3  
  137  7:31  Roach x3  
  137  7:35  Drone x5  
  154  7:40  Drone, Spire  
  154  7:45  Drone x7  
  154  7:49  Zergling x6  
  163  7:56  Ravager x2  
  163  7:57  Ravager x2  
  163  7:58  Baneling x7  
  167  7:59  Zergling x2  
  167  8:00  Overlord x4  
  167  8:02  Overlord  
  168  8:13  Spine Crawler x2  
  168  8:14  Spine Crawler  
  168  8:15  Zerg Melee Weapons Level 2  
  165  8:20  Extractor x2  
  165  8:25  Zergling x10  
  165  8:26  Zergling x20  
  178  8:31  Adrenal Glands  
  178  8:39  Spore Crawler, Spine Crawler  
  178  8:41  Spine Crawler x2  
  173  8:49  Drone x3  
  173  8:50  Drone x3  
  173  8:51  Zergling x20  
  173  8:54  Greater Spire  
  189  8:58  Baneling x15  
  189  8:59  Zergling x4  
  191  9:12  Zergling x16  
  199  9:23  Zerg Ground Armor Level 1  
  198  9:31  Baneling x28  
  198  9:32  Baneling x22  
  198  9:47  Extractor, Hatchery  
  198  9:48  Spore Crawler, Spine Crawler  
  198  9:49  Extractor  
  198  9:52  Spine Crawler  
  189  9:53  Spine Crawler  
  174  10:05  Zergling x52  
  180  10:12  Corruptor x2  
  167  10:24  Corruptor x5  
  167  10:26  Corruptor  
  176  10:31  Zerg Flyer Weapons Level 1  
  176  10:34  Baneling x3  
  176  10:35  Baneling x5  
  176  10:49  Corruptor  
  164  10:50  Corruptor x3  
  171  11:01  Brood Lord x3  
  176  11:04  Brood Lord x3  
  176  11:06  Brood Lord  
  176  11:08  Drone x3  
  176  11:09  Drone x3  
  190  11:17  Brood Lord  
  190  11:23  Brood Lord x2  
  194  11:29  Brood Lord  
  193  11:34  Brood Lord  
  193  11:39  Zergling x10  
  200  11:40  Zerg Melee Weapons Level 3  
  198  11:54  Baneling  
  198  11:55  Zergling x2, Baneling x18  
  198  11:56  Zergling x2  
  187  12:32  Overseer x3  
  187  12:35  Zergling x24  
  185  12:43  Zergling x32  
  200  12:44  Zerg Flyer Weapons Level 2  
  200  12:46  Ultralisk Cavern, Zerg Ground Armor Level 2  
  200  12:48  Spire  
  192  12:57  Drone x12  
  196  13:01  Corruptor  
  196  13:04  Corruptor x3  
  195  13:13  Overseer  
  195  13:14  Pneumatized Carapace  
  195  13:16  Corruptor x5  
  193  13:22  Drone x2  
  191  13:30  Corruptor x4, Spine Crawler  
  191  13:32  Spine Crawler  
  195  13:34  Spine Crawler  
  195  13:35  Spore Crawler  
  195  13:39  Corruptor x3  
  199  13:43  Chitinous Plating  
  199  13:53  Spine Crawler  
  199  13:54  Spore Crawler  
  199  13:55  Spine Crawler  
  196  13:56  Spine Crawler x3  
  193  14:03  Hatchery  
  188  14:19  Corruptor x7  
  178  14:28  Corruptor x2  
  167  14:36  Drone x7  
  171  14:49  Corruptor x3  
  171  14:52  Zerg Flyer Armor Level 1  
  177  15:02  Anabolic Synthesis  
  177  15:06  Corruptor x3  
  177  15:10  Corruptor  
  177  15:12  Viper  
  188  15:21  Corruptor  
  188  15:22  Corruptor x2  
  188  15:24  Overseer x3  
  194  15:28  Corruptor  
  196  15:38  Zerg Ground Armor Level 3  
  196  15:45  Corruptor x2  
  190  16:05  Corruptor x6  
  190  16:11  Corruptor  
  183  16:16  Corruptor x2  
  174  16:21  Corruptor  
  174  16:24  Corruptor  
  153  16:30  Corruptor  
  145  16:36  Corruptor x2  
  143  16:45  Overseer  
  140  16:48  Drone, Corruptor x2  
  145  16:59  Corruptor x2  
  149  17:08  Corruptor x2  
  149  17:14  Extractor  
  152  17:18  Ultralisk  
  155  17:23  Corruptor x2  
  159  17:32  Ultralisk  
  165  17:43  Hatchery  
  164  17:50  Drone  
  165  17:53  Ultralisk x2  
  177  18:00  Corruptor x2  
  182  18:07  Hatchery  
  181  18:12  Corruptor  
  181  18:14  Corruptor x2  
  187  18:24  Corruptor  
  189  18:37  Overlord x3  
Show
View Real Time Build Order
Export as new Build Order

MCanning Protoss 

Build Orders: 1 Gate Expand, Oracle Opening, Chargelot Immortal 

Get SALT Encoding   

  12  0:00  Probe  
  13  0:12  Probe  
  14  0:20  Pylon  
  14  0:24  Probe  
  15  0:38  Gateway, Probe (Chrono Boost)  
  16  0:48  Assimilator, Probe (Chrono Boost)  
  17  0:53  Probe (Chrono Boost)  
  18  1:04  Probe  
  19  1:16  Probe  
  20  1:23  Nexus  
  20  1:32  Cybernetics Core  
  20  1:35  Probe  
  21  1:45  Assimilator  
  21  1:47  Probe (Chrono Boost)  
  21  1:51  Pylon  
  22  1:59  Probe (Chrono Boost)  
  23  2:07  Adept (Chrono Boost)  
  23  2:08  Probe  
  26  2:20  Stargate, Probe  
  27  2:30  Stalker  
  27  2:36  Probe x2 (Chrono Boost)  
  31  2:41  Warp Gate  
  31  2:45  Probe (Chrono Boost)  
  31  2:47  Probe (Chrono Boost)  
  31  2:50  Probe (Chrono Boost)  
  33  2:56  Probe  
  35  3:02  Probe  
  36  3:08  Probe  
  41  3:13  Void Ray (Chrono Boost)  
  41  3:14  Probe  
  42  3:21  Probe  
  42  3:22  Gateway  
  42  3:26  Probe  
  44  3:27  Pylon  
  44  3:33  Probe  
  45  3:38  Probe  
  46  3:44  Oracle  
  46  3:45  Probe  
  50  3:50  Probe  
  50  3:53  Nexus  
  51  3:59  Probe, Pylon  
  52  4:02  Probe  
  52  4:06  Pylon  
  53  4:12  Probe (Chrono Boost)  
  53  4:16  Robotics Facility  
  54  4:17  Probe (Chrono Boost)  
  54  4:23  Assimilator  
  56  4:27  Twilight Council, Forge  
  56  4:30  Probe x2 (Chrono Boost)  
  57  4:35  Assimilator, Probe (Chrono Boost)  
  57  4:36  Probe (Chrono Boost)  
  59  4:46  Probe  
  59  4:49  Pylon  
  59  4:50  Adept x2  
  59  4:52  Shield Battery  
  64  4:54  Probe  
  64  4:58  Probe  
  66  5:02  Protoss Ground Weapons Level 1 (Chrono Boost)  
  66  5:05  Charge  
  66  5:06  Probe  
  67  5:09  Probe  
  68  5:15  Photon Cannon, Probe  
  68  5:17  Shield Battery  
  68  5:18  Probe (Chrono Boost)  
  70  5:22  Sentry x2  
  70  5:26  Gateway  
  70  5:27  Gateway  
  75  5:29  Gateway  
  75  5:30  Probe (Chrono Boost)  
  75  5:31  Probe (Chrono Boost)  
  75  5:34  Observer (Chrono Boost), Probe (Chrono Boost)  
  78  5:39  Probe (Chrono Boost)  
  78  5:41  Probe (Chrono Boost)  
  78  5:42  Probe (Chrono Boost)  
  79  5:46  Probe  
  79  5:50  Probe  
  79  5:52  Immortal (Chrono Boost)  
  79  5:53  Probe  
  79  5:54  Pylon  
  85  5:58  Templar Archives, Probe  
  85  6:02  Probe  
  87  6:05  Probe  
  87  6:08  Gateway  
  87  6:09  Gateway  
  87  6:10  Probe  
  89  6:12  Gateway  
  89  6:13  Pylon  
  89  6:17  Psionic Storm  
  89  6:18  Immortal (Chrono Boost)  
  89  6:20  Assimilator  
  89  6:22  Assimilator  
  93  6:26  Photon Cannon  
  93  6:31  Stalker  
  93  6:32  Probe  
  96  6:33  Probe  
  97  6:40  High Templar  
  98  6:50  Probe  
  99  6:59  High Templar  
  105  7:01  Protoss Ground Weapons Level 2 (Chrono Boost), Immortal  
  105  7:02  Probe  
  105  7:03  Nexus  
  105  7:04  Zealot x2  
  105  7:06  Pylon  
  105  7:07  Pylon x2  
  106  7:16  High Templar  
  108  7:26  Zealot x5  
  118  7:30  Photon Cannon  
  118  7:32  High Templar  
  118  7:35  Shield Battery  
  118  7:36  Dark Shrine  
  120  7:38  Photon Cannon  
  120  7:40  Photon Cannon  
  120  7:41  Photon Cannon  
  120  7:44  Pylon  
  120  7:45  High Templar  
  120  7:47  Shield Battery  
  120  7:49  Immortal (Chrono Boost)  
  126  7:58  Photon Cannon  
  126  7:59  Pylon  
  126  8:02  Probe  
  127  8:06  Gateway  
  127  8:08  Pylon  
  127  8:12  Zealot x2  
  127  8:13  Zealot  
  127  8:15  High Templar x2  
  127  8:19  Archon  
  137  8:21  Observer (Chrono Boost), Zealot x3  
  144  8:32  Photon Cannon  
  144  8:36  High Templar  
  144  8:38  Zealot x2  
  144  8:40  Immortal  
  154  8:43  Gateway  
  154  8:45  Stalker x2  
  154  8:46  Stalker  
  158  8:52  Zealot x2  
  162  8:56  Pylon  
  162  8:58  Pylon  
  162  9:00  Stalker  
  162  9:02  Zealot x2  
  168  9:14  Stalker x2  
  168  9:15  Stalker x2  
  176  9:19  High Templar, Immortal  
  182  9:27  Dark Templar x2  
  182  9:30  Dark Templar  
  188  9:33  Pylon  
  188  9:35  Assimilator  
  188  9:37  Protoss Ground Weapons Level 3 (Chrono Boost)  
  188  9:40  Assimilator  
  188  9:46  Photon Cannon  
  188  9:57  Probe x2  
  164  10:07  Zealot x8  
  130  10:08  Zealot x2  
  130  10:18  Probe  
  119  10:31  Photon Cannon  
  119  10:34  Fleet Beacon, Photon Cannon  
  119  10:36  High Templar, Photon Cannon  
  119  10:37  Stargate  
  119  10:38  Photon Cannon  
  119  10:39  Stargate  
  119  10:40  Shield Battery  
  119  10:41  Shield Battery  
  119  10:42  Pylon  
  121  10:43  Zealot x3  
  121  10:44  Protoss Air Weapons Level 1 (Chrono Boost)  
  121  10:49  Zealot x5  
  137  10:52  Probe  
  136  11:04  Pylon  
  136  11:06  High Templar, Gateway, Stalker  
  140  11:13  Observer (Chrono Boost)  
  140  11:14  High Templar, Stalker  
  143  11:19  Probe  
  143  11:20  Pylon  
  143  11:23  Carrier (Chrono Boost)  
  144  11:31  Nexus  
  142  11:34  Pylon  
  142  11:35  High Templar x2  
  142  11:36  High Templar x2  
  149  11:40  Archon  
  149  11:41  Archon  
  149  11:44  Dark Templar  
  151  11:47  Zealot x2  
  151  11:48  Zealot x2  
  151  11:49  Carrier (Chrono Boost)  
  165  12:09  Carrier (Chrono Boost)  
  165  12:10  Dark Templar  
  157  12:23  Zealot x6  
  157  12:24  Zealot x3  
  173  12:30  Archon  
  173  12:32  Carrier (Chrono Boost)  
  165  12:41  Probe  
  148  12:49  Carrier (Chrono Boost)  
  151  12:54  Dark Templar x3  
  151  12:58  Zealot x2  
  145  13:08  Dark Templar x2  
  147  13:16  Assimilator  
  141  13:21  Assimilator  
  147  13:30  Mothership (Chrono Boost)  
  143  13:34  Nexus, Zealot x3  
  143  13:37  Pylon  
  149  13:42  Void Ray (Chrono Boost)  
  149  13:45  High Templar  
  151  13:52  Dark Templar  
  153  14:02  Zealot x6  
  168  14:07  Void Ray (Chrono Boost)  
  168  14:17  Void Ray (Chrono Boost)  
  120  14:32  Void Ray (Chrono Boost)  
  120  14:42  High Templar x2  
  120  14:43  High Templar  
  112  14:48  Nexus  
  112  14:56  Void Ray (Chrono Boost)  
  112  14:57  Nexus  
  112  14:58  Pylon  
  112  14:59  High Templar  
  116  15:18  Void Ray (Chrono Boost)  
  116  15:26  Void Ray (Chrono Boost)  
  120  15:28  Probe  
  120  15:34  Probe  
  122  15:38  Void Ray (Chrono Boost)  
  122  15:40  Pylon  
  130  15:54  Void Ray  
  111  16:14  Void Ray  
  101  16:20  Zealot x2  
  101  16:21  Zealot x4  
  117  16:25  Void Ray  
  117  16:29  Dark Templar  
  115  16:43  Nexus  
  115  16:46  Pylon  
  119  16:51  Void Ray, High Templar  
  121  17:07  High Templar  
  121  17:08  High Templar  
  125  17:18  Zealot x2  
  133  17:28  Void Ray  
  133  17:34  Dark Templar  
  135  18:00  Nexus  
  133  18:10  Cybernetics Core  
  133  18:11  Probe x2  
  135  18:15  Probe  
  136  18:21  Pylon  
  136  18:22  Dark Templar, Zealot  
  140  18:30  High Templar x2  
  144  18:41  Pylon  
  144  18:43  Assimilator  
  144  18:46  Assimilator  
  144  18:48  Archon  
Tags
 
Add a new tag
Caveats
  • Supply blocks, unpowered buildings, or Contaminate may cause inaccurate times.
  • Supply counts are checked every 10 seconds.